 Dungeon Crawl Stone Soup version 0.31.0-11-ge490571c62 (webtiles) character file.

Game seed: 9912308348900110013

321110 Aviak the Hand of Fortune (level 22, -23/184 (201) HPs)
             Began as a Formicid Alchemist on Feb 2, 2024.
             Was the Champion of Nemelex Xobeh.
             Killed from afar by a tengu reaver (58 damage)
             ... with a bolt of acid
             ... on level 2 of the Vaults.
             The game lasted 01:43:32 (44826 turns).

Aviak the Hand of Fortune (Formicid Alchemist)     Turns: 44826, Time: 01:43:33

HP:   -23/184 (201) AC: 25    Str: 28    XL:     22   Next: 47%
MP:   25/35         EV: 13    Int: 17    God:    Nemelex Xobeh [******]
Gold: 4462          SH: 19    Dex: 12    Spells: 24/27 levels left

rFire   + . .        B - +9 bardiche (spect) {!w}
rCold   + . .        f - +0 tower shield
rNeg    + . .        n - +9 scale mail of Noughts and Crosses {rN+ Will+ Dex-2}
rPois   +            (helmet unavailable)
rElec   +            X - scarf {rC+ rF+}
rCorr   .            H - +2 pair of gloves {infuse}
SInv    +            o - +0 pair of boots
Will    +++..        x - amulet of regeneration
Stlth   +            s - +6 ring of strength
HPRegen 1.30/turn    m - ring "Soru" {Fly rElec rPois}
MPRegen 0.24/turn

%: infuse magic (1 MP)
@: flying, studying Axes, drained
A: permanent stasis, dig shafts and tunnels, antennae 3, four strong arms,
hooves 1, deterioration 1, robust 1
}: 2/15 runes: barnacled, gossamer
a: Dig, Shaft Self, Renounce Religion, Draw Escape, Draw Destruction, Draw
Summoning, Triple Draw, Deal Four, Stack Five


You were on level 2 of the Vaults.
You worshipped Nemelex Xobeh.
Nemelex Xobeh was exalted by your worship.
You visited 8 branches of the dungeon, and saw 35 of its levels.
You also visited: Sewer and Ice Cave.

You collected 4722 gold pieces.
You spent 260 gold pieces at shops.

Inventory:

Hand Weapons
 g - the +5 scythe "Finisher" {speed, execute}
   (You found it on level 10 of the Dungeon)
 B - a +9 spectral bardiche (weapon) {!w}
Missiles
 u - 4 throwing nets {!f}
Armour
 f - a +0 tower shield (worn)
 n - the +9 scale mail of Noughts and Crosses (worn) {rN+ Will+ Dex-2}
   (You found it on level 2 of the Dungeon)

   Dex-2:     It affects your dexterity (-2).
   rN+:       It protects you from negative energy.
   Will+:     It increases your willpower.
 o - a +0 pair of boots (worn)
 H - a +2 pair of gloves of infusion (worn)
 M - a +4 plate armour of fire resistance
 V - +0 ice dragon scales {rF- rC++}
 X - a scarf of resistance (worn)
Jewellery
 m - the ring "Soru" (right hand) {Fly rElec rPois}
   (You acquired it on level 13 of the Dungeon)

   [ring of flight]

   rElec:     It insulates you from electricity.
   rPois:     It protects you from poison Fly: It grants you flight.
 q - the ring "Beitonuc" {EV+5 Int+5}
   (You found it on level 2 of the Elven Halls)

   [ring of evasion]

   EV+5:      It affects your evasion (+5).
   Int+5:     It affects your intelligence (+5).
 s - a +6 ring of strength (left hand)
 x - an amulet of regeneration (around neck)
 y - a +6 ring of dexterity
 A - a +6 ring of strength
 C - a ring of protection from cold
 U - a +6 ring of dexterity
 W - a ring of positive energy
 Y - a ring of fire
Wands
 a - a wand of digging (27)
 j - a wand of charming (23)
 k - a wand of light (13)
 I - a wand of polymorph (25)
 K - a wand of flame (16)
 L - a wand of iceblast (16)
 O - a wand of mindburst (56)
Scrolls
 e - 9 scrolls of enchant armour
 i - 10 scrolls of identify
 p - 6 scrolls of poison
 v - 4 scrolls of revelation
 w - 4 scrolls of enchant weapon
 D - 8 scrolls of fear
 F - a scroll of brand weapon
 N - 2 scrolls of vulnerability {!r}
 P - 4 scrolls of fog
 S - 5 scrolls of amnesia
 Z - 9 scrolls of immolation
Potions
 b - 7 potions of magic
 c - 7 potions of curing
 d - 2 potions of resistance
 h - 8 potions of heal wounds
 l - 3 potions of cancellation
 r - 6 potions of ambrosia
 t - 3 potions of enlightenment
 E - 7 potions of attraction
 G - 5 potions of invisibility
 Q - 4 potions of brilliance
 R - 6 potions of might
 T - 7 potions of mutation {!q}
Miscellaneous
 z - a phial of floods
 J - a box of beasts


   Skills:
 + Level 17.6 Fighting
 - Level 6.0 Maces & Flails
 + Level 17.5 Polearms
 + Level 17.6 Armour
 - Level 9.0 Dodging
 - Level 2.4 Stealth
 + Level 17.9 Shields
 - Level 3.0 Spellcasting
 - Level 1.0 Conjurations
 - Level 6.0 Alchemy
 * Level 19.5 Invocations
 - Level 15.0 Evocations


You had 24 spell levels left.
You knew the following spells:

 Your Spells              Type           Power      Damage    Failure   Level
a - Sting                 Conj/Alch      56%        1d6       12%         1
b - Mercury Vapours       Alch/Air       24%        N/A       22%         2

Your spell library contained the following spells:

 Spells                   Type           Power      Damage    Failure   Level
 Cigotuvi's Dreadful Rot  Necr/Alch/Air  18%        N/A       34%         2
 Olgreb's Toxic Radiance  Alch           22%        N/A       41%         4
 Freeze                   Ice            8%         1d3       45%         1
 Necrotise                Necr           8%         1d4       45%         1
 Sandblast                Erth           4%         2d4       45%         1
 Summon Small Mammal      Summ           8%         N/A       45%         1
 Mephitic Cloud           Conj/Alch/Air  10%        N/A       52%         3
 Momentum Strike          Conj/Tloc      8%         3d8       54%         2
 Call Imp                 Summ           4%         N/A       61%         2
 Ensorcelled Hibernation  Hex/Ice        4%         N/A       61%         2
 Lesser Beckoning         Tloc           4%         N/A       61%         2
 Sublimation of Blood     Necr           2%         N/A       61%         2
 Dazzling Flash           Conj/Hex       8%         N/A       77%         3
 Hailstorm                Conj/Ice       4%         3d5       77%         3
 Stone Arrow              Conj/Erth      8%         3d7       77%         3
 Fulminant Prism          Conj/Alch      7%         3d6       77%         4
 Call Canine Familiar     Summ           2%         N/A       83%         3
 Frozen Ramparts          Ice            4%         1d1       83%         3
 Fugue of the Fallen      Necr           2%         N/A       83%         3
 Inner Flame              Hex/Fire       2%         N/A       83%         3
 Passwall                 Erth           2%         N/A       83%         3
 Tukima's Dance           Hex            2%         N/A       83%         3
 Volatile Blastmotes      Fire/Tloc      4%         2d10      83%         3
 Ignite Poison            Fire/Alch      12%        N/A       83%         4
 Sticky Flame             Fire/Alch      12%        2d5       83%         4
 Airstrike                Air            1%         2d(1-17)  99%         4
 Anguish                  Hex/Necr       1%         N/A       99%         4
 Animate Armour           Summ/Erth      4%         N/A       99%         4
 Brom's Barrelling Bould  Conj/Erth      4%         2d3       99%         4
 Flame Wave               Conj/Fire      4%         2d5       99%         4
 Iskenderun's Mystic Bla  Conj/Tloc      4%         2d3       99%         4
 Manifold Assault         Tloc           2%         N/A       99%         4
 Passage of Golubria      Tloc           2%         N/A       99%         4
 Summon Blazeheart Golem  Fire/Summ      2%         N/A       99%         4
 Summon Lightning Spire   Summ/Air       2%         N/A       99%         4
 Yara's Violent Unravell  Hex/Alch       6%         3d5       99%         5
 Arcjolt                  Conj/Air       2%         1d12      100%        5
 Curse of Agony           Necr           2%         N/A       100%        5
 Fireball                 Conj/Fire      2%         3d4       100%        5
 Freezing Cloud           Conj/Ice/Air   1%         6-21      100%        5
 Iskenderun's Battlesphe  Conj           5%         2d6       100%        5
 Silence                  Hex/Air        1%         N/A       100%        5
 Summon Forest            Summ/Tloc      1%         N/A       100%        5
 Bombard                  Conj/Erth      2%         9d1       100%        6
 Conjure Ball Lightning   Conj/Air       2%         3x3d6     100%        6
 Dispersal                Tloc           1%         N/A       100%        6
 Eringya's Noxious Bog    Alch           11%        4d6       100%        6
 Starburst                Conj/Fire      2%         6d3       100%        6
 Haunt                    Necr/Summ      1%         N/A       100%        7
 Orb of Destruction       Conj           2%         9d5       100%        7
 Spellforged Servitor     Conj/Summ      2%         N/A       100%        7
 Summon Hydra             Summ           1%         N/A       100%        7
 Disjunction              Tloc           1%         N/A       100%        8
 Lehudib's Crystal Spear  Conj/Erth      2%         10d2      100%        8
 Maxwell's Capacitive Co  Air            1%         ∞         100%        8
 Shatter                  Erth           1%         3d5*      100%        9
 Blink                    Tloc           Unusable   N/A       N/A         2
 Vhi's Electric Charge    Tloc/Air       Unusable   N/A       N/A         4

Dungeon Overview and Level Annotations

Branches:
Dungeon (14/15)            Temple (1/1) D:4            Lair (5/5) D:11
 Shoals (4/4) Lair:2       Spider (4/4) Lair:3        Slime (0/5) Lair:5
    Orc (2/2) D:9             Elf (3/3) Orc:2        Vaults (2/5) D:13
  Crypt (0/3) Vaults:2      Sewer (visited)           IceCv (visited)

Altars:
Ashenzari
Cheibriados
Dithmenos
Elyvilon
Fedhas
Gozag
Hepliaklqana
Kikubaaqudgha
Nemelex Xobeh
Okawaru
Qazlal
Ru
Sif Muna
Trog
Uskayaw
Vehumet
Wu Jian
Xom
Yredelemnul
Zin
The Shining One
Jiyva

Shops:
D:6 [(=   D:9 [   Orc:2 ([((

Annotations:
Lair:3 3 runed translucent doors, Luuwnalu's ghost, journeyman KoHu


Innate Abilities, Weirdness & Mutations

You cannot be hasted, slowed, berserked, paralysed or teleported.
You can dig through walls and to a lower floor.
You have a pair of large antennae on your head. (SInv)
Your four strong arms can wield two-handed weapons with a shield.
You have large cloven feet.
Your body sometimes deteriorates upon taking damage.
You are robust. (+10% HP)


Message History

Press: ? - help, Shift-Dir - straight line, f - satyr, p - tengu reaver
Aim: a satyr (misshapen and mutated)
The tengu reaver convulses!
Your +9 spectral bardiche {!w} disappears.
A yaktaur captain comes into view.
The shadow dragon breathes negative energy at you.
The bolt of negative energy hits you! You partially resist.
You feel drained.
You barely miss the shadow dragon.
The shadow dragon is almost dead.
Your +9 spectral bardiche {!w} hits the shadow dragon from afar!!
You kill the shadow dragon!
The shadow dragon scales are intact enough to wear.
The great orb of eyes looks more healthy.
The tengu reaver casts a spell at you. The bolt of acid misses you.
The bolt of acid hits your +9 spectral bardiche {!w}!!
Your spectral weapon shares its damage with you!
Your +9 spectral bardiche {!w} disappears.
A freezing wraith opens the large door.
You block the spark wasp's attack.
A shadow dragon comes into view.
Okay, then.
You deal a card...
You have dealt the Cloud.
Clouds appear around your foes!
You deal a card...
You have dealt the Tomb.
Walls emerge from the floor!
You deal a card...
You have dealt the Tomb.
Nothing appears to happen.
You deal a card...
You have dealt Velocity.
The satyr seems to slow down.
The great orb of eyes seems to slow down.
The human seems to slow down.
You block the spark wasp's attack.
You block the tengu reaver's attack. x3; The spark wasp barely misses you.
You chop the spark wasp into pieces!!!
You kill the spark wasp!
The vault warden returns to its original shape as it dies.
You are engulfed in dark miasma.
Your stasis prevents you from being slowed.
The yaktaur captain wields a +0 arbalest.
The yaktaur captain shoots a bolt.
The bolt hits you!!!
* * * LOW HITPOINT WARNING * * *
The tengu reaver points at you and mumbles some strange words.
The bolt of acid hits you!!!
You die...
Your body glows with a rainbow of weird colours and disappears.

### ########
##..## .......
##....## .....
##......##.W..
##........##D{#
+.... #....###+{
+....##....#@#+{
#........##Q[#
##......##pcG☼#
##....##☼○F☼☼.#
##..##.)☼○☼(.○#
#))#........☼c○
##.)##.......☼##+
{
##....##......##
{##......##


You could see a tengu reaver (repels missiles), a yaktaur captain, a great orb
of eyes (slow, misshapen), a satyr (slow, misshapen), a cane toad (misshapen)
and a human (slow, misshapen).

Vanquished Creatures
  Boris (Vaults:1)
  Nikola (Vaults:1)
  5 deep elf master archers (Elf:3)
  4 deep elf blademasters
  2 sphinxes
  Gastronok (D:11)
  A kraken (Shoals:1)
  Kirke (Lair:3)
  A shadow dragon (Vaults:2)
  The ghost of Suckerboh the Grappler, a journeyman TrFi of Jiyva (D:13)
  3 emperor scorpions
  5 vault wardens
  4 ghost moths
  3 deep elf sorcerers
  4 deep elf elementalists
  5 ironbound preservers
  An ironbound thunderhulk (Vaults:1)
  An orc warlord (Vaults:2)
  4 broodmothers
  A stone giant (Vaults:2)
  A formless jellyfish (Vaults:1)
  2 very ugly things
  A deep elf demonologist (Elf:3)
  4 deep elf death magi (Elf:3)
  6 deep elf annihilators
  3 dire elephants
  4 spark wasps
  3 minotaurs (Shoals:4)
  Snorg (Lair:3)
  A merfolk javelineer (Shoals:4)
  3 entropy weavers
  A green death (Vaults:2)
  4 merfolk impalers
  7 yaktaur captains
  3 great orbs of eyes
  3 hydras
  Fannar (Lair:2)
  A peacekeeper (Vaults:2)
  2 deep elf high priests (Elf:3)
  Harold (D:11)
  14 vault guards
  An alligator (Shoals:3)
  4 catoblepae
  7 centaur warriors
  3 jorogumos
  8 ironbound frosthearts
  A radroach (Spider:4)
  2 merfolk avatars
  4 merfolk aquamancers
  21 dancing weapons
  3 alligator snapping turtles
  Erica (D:10)
  13 satyrs
  9 boulder beetles
  3 two-headed ogres
  17 death yaks
  An orc high priest (Orc:2)
  4 demonic crawlers
  Sonja (D:12)
  19 deep elf knights
  A skeletal warrior (D:10)
  8 pharaoh ants
  3 skysharks
  18 deep trolls
  2 sun moths
  7 orb spiders
  5 arcanists
  A glowing orange brain (Vaults:1)
  11 sea snakes
  A mana viper (Shoals:4)
  4 ironbound convokers
  An orc knight (Orc:1)
  7 harpies
  34 deep elf zephyrmancers
  8 steelbarb worms
  6 lindwurms
  7 deep elf archers
  31 deep elf pyromancers
  A shining eye (Lair:5)
  15 fauns
  12 ugly things
  2 orc sorcerers (Orc:2)
  17 wolf spiders
  17 manticores
  8 meliai
  7 merfolk sirens
  5 cyclopes
  A kobold blastminer (Orc:2)
  7 black mambas
  10 slime creatures
  9 elephants (Lair:5)
  An ice statue (IceCv)
  A moth of wrath (Spider:4)
  6 torpor snails
  4 vault sentinels
  A torpor snail (shapeshifter) (Shoals:2)
  An eye of devastation (Shoals:2)
  6 water nymphs
  4 gargoyles
  7 yaktaurs
  11 cane toads
  13 komodo dragons
  7 rime drakes
  An unseen horror (D:11)
  An efreet (D:14)
  4 trolls
  9 polar bears
  A tyrant leech (IceCv)
  24 merfolk
  39 tarantellas
  4 wind drakes
  A raiju (shapeshifter) (Elf:1)
  12 snapping turtles
  13 blink frogs
  12 dream sheep
  19 culicivoras
  3 shadows
  2 air elementals (Elf:1)
  83 yaks
  16 water elementals
  A fire bat (IceCv)
  14 wraiths
  A vampire (D:12)
  30 jumping spiders
  2 wargs (Orc:1)
  3 basilisks
  A wyvern (Lair:5)
  4 fire elementals
  3 steam dragons
  54 redbacks
  Edmund (D:4)
  5 vampire mosquitoes (D:13)
  A naga (Elf:1)
  17 orc warriors
  15 water moccasins
  3 ice beasts
  5 ogres
  A tengu (shapeshifter) (D:14)
  5 sky beasts
  4 black bears
  37 wolves
  2 centaurs
  A phantom (D:5)
  18 bullfrogs
  7 kobold brigands
  2 gnoll sergeants
  3 brain worms
  2 earth elementals
  4 scorpions
  17 wights
  7 killer bees
  6 howler monkeys
  2 electric eels
  2 bombardier beetles
  3 jellies
  3 gnoll boudas
  18 orc priests
  5 iguanas
  A sleepcap (D:6)
  Natasha (twice) (D:2)
  25 orc wizards
  Robin (D:2)
  21 gnolls
  6 river rats
  10 adders
  2 shadow imps (D:6)
  2 ufetubi (D:6)
  3 dart slugs
  4 ribbon worms (Sewer)
  74 orcs
  12 endoplasms
  4 giant cockroaches
  15 goblins
  6 hobgoblins
  5 jackals
  41 kobolds
  3 quokkas
  7 ball pythons
  5 bats
  3 frilled lizards
  12 rats
1382 creatures vanquished.

Vanquished Creatures (collateral kills)
  Rupert (Lair:3)
  Aizul (Spider:3)
  An ironbound preserver (Vaults:1)
  An orc warlord (Orc:2)
  A spark wasp (Spider:3)
  An entropy weaver (D:13)
  A jorogumo (Spider:2)
  5 dancing weapons
  A two-headed ogre (D:13)
  2 boulder beetles
  A demonic crawler (Spider:4)
  A skyshark (Shoals:2)
  A pharaoh ant (Spider:4)
  A deep elf knight (Elf:2)
  An orb spider (Spider:1)
  3 deep trolls (Vaults:1)
  An orc knight (Orc:2)
  A steelbarb worm (Spider:1)
  A deep elf zephyrmancer (Elf:1)
  2 orc sorcerers
  A wolf spider (Spider:3)
  An ugly thing (Vaults:1)
  2 manticores (Shoals:4)
  A meliai (Spider:3)
  2 water nymphs (Shoals:2)
  3 slime creatures (D:13)
  A torpor snail (Spider:4)
  A rime drake (Lair:3)
  2 merfolk (Shoals:4)
  A tarantella (Spider:2)
  A blink frog (Lair:3)
  An air elemental (Elf:1)
  2 jumping spiders
  A culicivora (Spider:1)
  A basilisk (Lair:3)
  3 redbacks
  8 orc warriors
  An ogre (Orc:2)
  5 orc priests
  2 orc wizards (Orc:2)
  14 orcs
82 creatures vanquished.

Vanquished Creatures (others)
  A deep elf zephyrmancer (Elf:1)
  An orc warrior (Orc:2)
  9 spectral weapons
  4 tentacles (Shoals:1)
15 creatures vanquished.

Grand Total: 1479 creatures vanquished

Notes
Turn   | Place    | Note
-------+----------+-------------------------------------------
     0 | D:1      | Aviak the Formicid Alchemist began the quest for the Orb.
     0 | D:1      | Reached XP level 1. HP: 13/13 MP: 3/3
    72 | D:1      | Reached skill level 1 in Conjurations
   125 | D:1      | Reached XP level 2. HP: 16/19 MP: 0/5
   468 | D:1      | Learned a level 2 spell: Mercury Vapours
   537 | D:1      | Reached XP level 3. HP: 24/24 MP: 7/7
   918 | D:2      | Found a white marble altar of Elyvilon.
   938 | D:2      | Noticed Natasha
   947 | D:2      | Killed Natasha
   948 | D:2      | Reached skill level 5 in Alchemy
   948 | D:2      | Reached XP level 4. HP: 15/30 MP: 4/8
  1292 | D:2      | Noticed Robin
  1302 | D:2      | Killed Robin
  1347 | D:2      | Identified the +9 scale mail of Noughts and Crosses {rN+
                  | Will+ Dex-2}
  1569 | D:2      | Noticed Natasha
  1597 | D:2      | Killed Natasha
  1598 | D:2      | Reached skill level 1 in Fighting
  1598 | D:2      | Reached skill level 1 in Polearms
  1598 | D:2      | Reached skill level 1 in Armour
  1598 | D:2      | Reached XP level 5. HP: 36/37 MP: 9/9
  1700 | D:2      | Found a faded altar of an unknown god.
  2651 | D:3      | Found a broken altar of Ashenzari.
  2820 | D:4      | Found a staircase to the Ecumenical Temple.
  2830 | Temple   | Entered the Ecumenical Temple
  2933 | D:4      | Reached XP level 6. HP: 31/44 MP: 10/10
  3041 | D:4      | Found a glowing drain.
  3095 | Sewer    | Entered a sewer
  3562 | Sewer    | Reached XP level 7. HP: 47/52 MP: 11/11
  4562 | D:4      | Noticed a water moccasin
  4575 | D:4      | Killed a water moccasin
  4576 | D:4      | Reached XP level 8. HP: 40/61 MP: 12/12
  4908 | D:4      | Noticed Edmund
  4935 | D:4      | Killed Edmund
  4936 | D:4      | Reached skill level 5 in Fighting
  4936 | D:4      | Reached skill level 5 in Armour
  5158 | D:5      | Entered Level 5 of the Dungeon
  5205 | D:5      | Gained mutation: Your body sometimes deteriorates upon
                  | taking damage. [potion of mutation]
  5205 | D:5      | Gained mutation: You are robust. (+10% HP) [potion of
                  | mutation]
  5205 | D:5      | Gained mutation: You have large cloven feet. [potion of
                  | mutation]
  5207 | D:5      | Reached skill level 1 in Maces & Flails
  5413 | D:5      | Found a hazy altar of Hepliaklqana.
  5414 | D:5      | Found a shimmering altar of Xom.
  5415 | D:5      | Noticed a spectral ugly thing
  5808 | D:6      | Found Qivoun's Armour Shoppe.
  5808 | D:6      | Found Wyzamean's Weapon Shoppe.
  5808 | D:6      | Found Ywigh's Jewellery Shoppe.
  5815 | D:6      | Reached XP level 9. HP: 71/77 MP: 13/13
  6300 | D:6      | Found a stormy altar of Qazlal.
  6838 | D:6      | Identified the +7 hand axe of the Globe {protect, Int+7}
  7343 | D:7      | Reached skill level 5 in Maces & Flails
  7440 | D:7      | Found a sparkling altar of Nemelex Xobeh.
  7461 | D:7      | Reached XP level 10. HP: 87/88 MP: 14/14
  7488 | D:7      | Became a worshipper of Nemelex Xobeh the Trickster
  7504 | D:7      | Found a glowing silver altar of Zin.
  7709 | D:7      | Got Berhozi's Handbook of Nephomancy and the Rocks
  7923 | D:7      | Reached skill level 1 in Invocations
  8334 | D:8      | Reached skill level 2 in Invocations
  8591 | D:8      | Noticed a gargoyle
  8596 | D:8      | Killed a gargoyle
  8597 | D:8      | Reached skill level 3 in Invocations
  8762 | D:8      | Noticed a boulder beetle
  8775 | D:8      | Killed a boulder beetle
  8776 | D:8      | Reached skill level 4 in Invocations
  9015 | D:8      | Found a basalt altar of Yredelemnul.
  9312 | D:6      | Bought a ring of poison resistance for 260 gold pieces
  9569 | D:8      | Noticed a two-headed ogre
  9583 | D:8      | Killed a two-headed ogre
  9584 | D:8      | Reached skill level 10 in Fighting
  9584 | D:8      | Reached skill level 5 in Invocations
  9584 | D:8      | Reached XP level 11. HP: 71/99 MP: 4/15
  9850 | D:9      | Reached skill level 10 in Armour
 10048 | D:9      | Reached skill level 6 in Invocations
 10294 | D:9      | Reached * piety under Nemelex Xobeh
 10393 | D:9      | Found a staircase to the Orcish Mines.
 10554 | D:9      | Found Idangima's Armour Shop.
 11057 | D:9      | Received a gift from Nemelex Xobeh
 11344 | D:10     | Entered Level 10 of the Dungeon
 11525 | D:10     | Noticed a skeletal warrior
 11525 | D:10     | Found the +5 scythe "Finisher" {speed, execute}
 11545 | D:10     | Identified the -2 hand axe "Saeluom" {freeze, Str+3 Dex-3
                  | Stlth+}
 11558 | D:10     | Killed a skeletal warrior
 11559 | D:10     | Reached skill level 7 in Invocations
 11935 | D:10     | Noticed a two-headed ogre
 11939 | D:10     | Killed a two-headed ogre
 12200 | D:10     | Reached ** piety under Nemelex Xobeh
 12200 | D:10     | Received a gift from Nemelex Xobeh
 12428 | D:10     | Found a shadowy altar of Dithmenos.
 12473 | D:10     | Noticed Erica
 12481 | D:10     | Killed Erica
 12482 | D:10     | Reached skill level 8 in Invocations
 12482 | D:10     | Reached XP level 12. HP: 67/110 MP: 14/18
 12777 | D:10     | Found a blossoming altar of Fedhas.
 12903 | D:11     | Reached skill level 5 in Polearms
 13172 | D:11     | Reached skill level 9 in Invocations
 13222 | D:11     | Noticed a boulder beetle
 13310 | D:11     | Reached skill level 5 in Dodging
 13641 | D:11     | Noticed Harold
 13650 | D:11     | Killed Harold
 13678 | D:11     | Noticed a boulder beetle
 13693 | D:11     | Killed a boulder beetle
 13893 | D:11     | Found a staircase to the Lair.
 13902 | D:11     | Killed a boulder beetle
 13903 | D:11     | Reached skill level 10 in Invocations
 14094 | D:11     | Noticed Gastronok
 14107 | D:11     | Killed Gastronok
 14280 | D:11     | Received a gift from Nemelex Xobeh
 14364 | Lair:1   | Entered Level 1 of the Lair of Beasts
 14364 | Lair:1   | Noticed a death yak
 14364 | Lair:1   | Noticed a death yak
 14364 | Lair:1   | Noticed a death yak
 14364 | Lair:1   | Noticed a death yak
 14371 | D:11     | Killed a death yak
 14430 | D:11     | Killed a death yak
 14431 | D:11     | Reached XP level 13. HP: 90/116 MP: 13/21
 14435 | D:11     | Reached skill level 11 in Invocations
 14666 | Lair:1   | Reached skill level 1 in Shields
 14884 | Lair:1   | Reached *** piety under Nemelex Xobeh
 14900 | Lair:1   | Reached skill level 12 in Invocations
 15017 | Lair:1   | Received a gift from Nemelex Xobeh
 15264 | Lair:1   | Noticed a catoblepas
 15268 | Lair:1   | Killed a catoblepas
 15369 | Lair:1   | Reached skill level 5 in Shields
 16137 | Lair:2   | Noticed Fannar
 16161 | Lair:2   | Killed Fannar
 16162 | Lair:2   | Reached skill level 10 in Polearms
 16583 | Lair:2   | Found a staircase to the Shoals.
 16697 | Lair:2   | Received a gift from Nemelex Xobeh
 16751 | Lair:2   | Identified the +1 hand axe "Cupnaaz" {antimagic, rF- Dex+2
                  | Stlth+}
 17309 | Lair:3   | Noticed Rupert
 17319 | Lair:3   | Received a gift from Nemelex Xobeh
 17323 | Lair:3   | Killed Rupert
 17324 | Lair:3   | Reached XP level 14. HP: 88/124 MP: 16/23
 17360 | Lair:3   | Noticed Snorg
 17374 | Lair:3   | Killed Snorg
 17502 | Lair:3   | Noticed Luuwnalu's ghost (journeyman KoHu)
 17509 | Lair:3   | Reached **** piety under Nemelex Xobeh
 18002 | Lair:3   | Found a hole to the Spider Nest.
 18112 | Lair:3   | Received a gift from Nemelex Xobeh
 18129 | Lair:3   | Noticed Kirke
 18144 | Lair:3   | Killed Kirke
 18180 | Lair:3   | Found a runed translucent gate.
 18181 | Lair:3   | Found a runed translucent gate.
 18182 | Lair:3   | Found a runed translucent gate.
 18184 | Lair:3   | Noticed a minotaur
 18550 | Lair:4   | Reached skill level 13 in Invocations
 19389 | Lair:5   | Entered Level 5 of the Lair of Beasts
 19420 | Lair:5   | Reached XP level 15. HP: 131/133 MP: 18/25
 19455 | Lair:5   | Found a frozen archway.
 19477 | IceCv    | Entered an ice cave
 20178 | IceCv    | Received a gift from Nemelex Xobeh
 20178 | IceCv    | Noticed a frost giant
 20179 | IceCv    | a frost giant changed into a tyrant leech
 20268 | IceCv    | Identified the amulet of Qylaur Vull {RegenMP *Slow rC-
                  | rN++ Dex+2 Stlth+}
 20521 | Lair:5   | Reached skill level 14 in Invocations
 20786 | Lair:5   | Found a staircase to the Slime Pits.
 20787 | Lair:5   | Found a viscous altar of Jiyva.
 22144 | Orc:1    | Entered Level 1 of the Orcish Mines
 22144 | Orc:1    | Received a gift from Nemelex Xobeh
 22398 | Orc:2    | Entered Level 2 of the Orcish Mines
 22398 | Orc:2    | Reached ***** piety under Nemelex Xobeh
 22462 | Orc:2    | Received a gift from Nemelex Xobeh
 22534 | Orc:2    | Found a staircase to the Elven Halls.
 22544 | Orc:2    | Reached XP level 16. HP: 139/144 MP: 24/27
 22562 | Orc:2    | Found Puluhon's Antique Weapon Emporium.
 22587 | Orc:2    | Found Nas Vaf's Antique Armour Shoppe.
 22830 | Orc:2    | Reached skill level 15 in Invocations
 22998 | Orc:2    | Received a gift from Nemelex Xobeh
 23089 | Orc:2    | Found Xoreq's Antique Weapon Boutique.
 23414 | Orc:2    | Found Qiant's Antique Weapon Shoppe.
 23909 | Orc:1    | Received a gift from Nemelex Xobeh
 24358 | D:12     | Noticed Sonja
 24381 | D:12     | Killed Sonja
 24502 | D:12     | Received a gift from Nemelex Xobeh
 25032 | D:13     | Found a gate to the Vaults.
 25065 | D:13     | Found a runed translucent door.
 25065 | D:13     | Noticed Suckerboh's ghost (journeyman TrFi)
 25077 | D:13     | Killed Suckerboh's ghost
 25085 | D:13     | Got the Secrets of Lightning and the Cwm
 25384 | D:13     | Identified a scroll of acquirement
 25388 | D:13     | Acquired the ring "Soru" {Fly rElec rPois}
 25478 | D:14     | Reached skill level 16 in Invocations
 25621 | D:14     | Found a shimmering blue altar of Sif Muna.
 25677 | D:14     | Acquired a manual of Evocations
 25734 | D:14     | Received a gift from Nemelex Xobeh
 25852 | D:14     | Identified the +1 ring mail of Puckish Music {Will+}
 26002 | D:14     | Reached skill level 1 in Evocations
 26326 | Spider:1 | Entered Level 1 of the Spider Nest
 26353 | Spider:1 | Received a gift from Nemelex Xobeh
 26905 | Spider:1 | Reached XP level 17. HP: 154/154 MP: 26/29
 26984 | Spider:1 | Reached skill level 10 in Shields
 27265 | Spider:1 | Reached skill level 5 in Evocations
 27578 | Spider:1 | Received a gift from Nemelex Xobeh
 28211 | Spider:2 | Identified the +5 flail of Besust {flame, rCorr Int+4}
 29392 | Spider:2 | Reached skill level 15 in Fighting
 29419 | Spider:2 | Reached skill level 15 in Armour
 29810 | Spider:3 | Identified the +2 falchion of the Crawling Thing
                  | {antimagic, Fly rElec rF+ Dex+5}
 29845 | Spider:3 | Received a gift from Nemelex Xobeh
 30222 | Spider:3 | Reached skill level 15 in Polearms
 30263 | Spider:3 | Identified the serpent talisman of Xiotred {Slay+3}
 30263 | Spider:3 | Noticed Aizul
 30271 | Spider:3 | Killed Aizul
 30272 | Spider:3 | Reached XP level 18. HP: 76/163 MP: 28/30
 30475 | Spider:4 | Entered Level 4 of the Spider Nest
 30494 | Spider:4 | Reached skill level 10 in Evocations
 31253 | Spider:4 | HP: 7/163 [meliai/divine providence (13)]
 31603 | Spider:4 | Got a gossamer rune of Zot
 31794 | Shoals:1 | Entered Level 1 of the Shoals
 31809 | Shoals:1 | Received a gift from Nemelex Xobeh
 32035 | Shoals:1 | Noticed a kraken
 32056 | Shoals:1 | Killed a kraken
 32214 | Shoals:1 | Received a gift from Nemelex Xobeh
 32375 | Shoals:1 | Reached skill level 15 in Evocations
 33064 | Shoals:2 | Received a gift from Nemelex Xobeh
 33421 | Shoals:2 | Reached XP level 19. HP: 119/170 MP: 26/31
 34856 | Shoals:3 | Received a gift from Nemelex Xobeh
 35017 | Shoals:3 | Identified the +0 scale mail of Quiescent Fun {Int+2}
 35103 | Shoals:4 | Entered Level 4 of the Shoals
 35109 | Shoals:3 | Reached skill level 17 in Invocations
 35977 | Shoals:4 | Reached ****** piety under Nemelex Xobeh
 36092 | Shoals:4 | Reached skill level 15 in Shields
 36312 | Shoals:4 | Identified the staff "Biorhionn" {+Blink rElec rF+ rC+ Summ
                  | Air}
 36335 | Shoals:4 | Got Ajedyurgh's Almanac of Unholy Words
 36393 | Shoals:4 | Got a barnacled rune of Zot
 36920 | Vaults:1 | Entered Level 1 of the Vaults
 36992 | Vaults:1 | Reached skill level 18 in Invocations
 37212 | D:13     | Reached XP level 20. HP: 151/172 MP: 30/33
 37632 | Vaults:1 | Received a gift from Nemelex Xobeh
 37875 | Vaults:1 | Noticed Boris
 37885 | Vaults:1 | Killed Boris
 38290 | Vaults:1 | Received a gift from Nemelex Xobeh
 38730 | Vaults:1 | Noticed Nikola
 38735 | Vaults:1 | Killed Nikola
 38970 | Elf:1    | Entered Level 1 of the Elven Halls
 39056 | Elf:1    | Received a gift from Nemelex Xobeh
 39149 | Elf:1    | Found a radiant altar of Vehumet.
 39601 | Elf:1    | Reached XP level 21. HP: 183/190 MP: 27/34
 39967 | Elf:1    | Received a gift from Nemelex Xobeh
 40719 | Elf:2    | Identified the ring "Beitonuc" {EV+5 Int+5}
 40802 | Elf:2    | Found a runed translucent gate.
 40802 | Elf:2    | Found a runed translucent gate.
 40802 | Elf:2    | Found a runed translucent gate.
 40814 | Elf:2    | Received a gift from Nemelex Xobeh
 41706 | Elf:2    | Received a gift from Nemelex Xobeh
 42159 | Elf:3    | Entered Level 3 of the Elven Halls
 42203 | Elf:3    | Received a gift from Nemelex Xobeh
 43124 | Elf:3    | Reached XP level 22. HP: 200/200 MP: 32/35
 43130 | Elf:3    | Identified the +1 chain mail "Poschuru" {Dex+6}
 43131 | Elf:3    | Received a gift from Nemelex Xobeh
 43253 | Elf:3    | Identified the +9 shortbow of the Soothsayer {flame, Str+2
                  | SInv}
 43384 | Elf:3    | Identified the staff of the Wasteland {^Drain rPois rN+
                  | MP+9 Dex+4 Necro}
 43415 | Elf:3    | Got Gyuc's Meditations on the Boulder and the Sun
 43416 | Elf:3    | Identified the +9 quarterstaff "Otess" {elec, rF- rN+
                  | Stlth+}
 43419 | Elf:3    | Identified the +7 great sword "Giugaobi" {heavy, Fly rF+}
 43451 | Elf:3    | Found the +16 obsidian axe {drain, demonic, Mesm ^Drain Fly
                  | SInv}
 43549 | Elf:3    | Identified the +5 short sword of the Vine {flame, Fly
                  | Dex+5}
 43896 | Vaults:2 | Reached skill level 19 in Invocations
 44303 | Vaults:2 | Received a gift from Nemelex Xobeh
 44689 | Vaults:2 | Found a staircase to the Crypt.
 44689 | Vaults:2 | Found a basalt altar of Yredelemnul.
 44690 | Vaults:2 | Found an ancient bone altar of Kikubaaqudgha.
 44826 | Vaults:2 | Killed from afar by a tengu reaver

Illustrated notes

Levels and vault maps discovered:
D:1:      roderic_octagonal_star, layout_basic
D:2:      layout_loops_ring, ebering_ecumenical_altar_sacrificial, basic_altar,
          uniq_robin, uniq_natasha
D:3:      layout_basic, lemuel_crystal_altar, kennysheep_generic_room_7
D:4:      layout_gridville, minmay_temple_entry_tees, lightli_sewer_entry_pipes,
          kennysheep_generic_room_11, uniq_edmund
D:5:      layout_basic, regret_index_temple_of_mockery
D:6:      layout_basic, nicolae_qazlal_eye_of_the_storm,
          nicolae_shop_distant_corner_stores
D:7:      layout_loops_ring, nicolae_overflow_crystal_walls, zin_treasury,
          st_stairs_13, kennysheep_another_room, lightli_minifort
D:8:      layout_loops_ring, nicolae_overflow_hidden_temple,
          ebering_dispersal_statue_hall
D:9:      layout_layer_cave, hiddenorc1_lemuel, serial_shops, shop
D:10:     layout_irregular_city, marbit_many_paths,
          grunt_dithmenos_smoke_and_mirrors, minmay_guarded_unrand_finisher,
          uniq_erica
D:11:     layout_basic, due_lair_maze_entry_diamond, roderic_lattice_a,
          uniq_gastronok, uniq_harold
D:12:     layout_cave_pools, uniq_sonja
D:13:     layout_rooms, erik_vaults_1, ebering_ghost_inner_flame
D:14:     layout_irregular_city, nicolae_sif_muna_condensation
Temple:   nicolae_temple_bog_church
Lair:1:   layout_cave_pods, st_stairs_6, lemuel_fruit_tree, grunt_megastairs_3
Lair:2:   layout_long_grid, minmay_shoals_entry_beasts, uniq_fannar
Lair:3:   layout_big_grid, spider_nest_entry_webs,
          maelrawn_ghost_gauntlet_escape, grunt_megastairs_5, uniq_snorg,
          uniq_kirke, uniq_rupert
Lair:4:   layout_roguey
Lair:5:   evilmike_catoblepas_cave, layout_concentric_octagons, slime_entry_1,
          portal_ice_cave_entry_pillars_1, grunt_forest_large_clearing_hut,
          grunt_megastairs_4, serial_bayou_shore_b, infiniplex_staircase_pool
Shoals:1: layout_shoals
Shoals:2: layout_shoals, nicolae_shoals_nymph_descending_staircase,
          nicolae_shoals_former_cling_halls
Shoals:3: nicolae_shoals_island_circles, layout_shoals
Shoals:4: shoals_end_hellmonk_lost_city
Spider:1: layout_chambers, nicolae_spider_twisty_arc_passages
Spider:2: layout_spider_delve
Spider:3: layout_spider_delve, uniq_aizul
Spider:4: hellmonk_spider_rune_bug_friends
Orc:1:    layout_diamond_mine, nicolae_orc_takin'_care_of_business
Orc:2:    grunt_orc_community_town_hall, layout_caves,
          grunt_orc_community_big_house_1, grunt_orc_community_big_house_1,
          grunt_orc_community_house_1, grunt_orc_community_house_3,
          grunt_orc_community_house_3, grunt_orc_community_house_3,
          grunt_orc_community_house_3, special_room
Elf:1:    minmay_elf_arrival_plus, layout_loops_corners, basic_altar,
          nicolae_elf_blasts_and_bolts, serial_sigils_hangedman_confine
Elf:2:    elven_hall_of_blades_hangedman_original
          [nicolae_blade_entry_floor_patterns], layout_loops_cross,
          minmay_librarian
Elf:3:    minmay_elf_hall, layout_gridlike, minmay_strange_pillars
Vaults:1: nicolae_vaults_storage_room_glass, nicolae_vaults_frosty_reception,
          v_misc_30, nicolae_vaults_diagonal_hallway_7, dpeg_vaults_monster_box,
          ontoclasm_vaults_chip, vaults_dpeg_doors, hangedman_vaults_stagger,
          nicolae_vaults_circle_grid_b, vaults_mumra_chevron_long,
          nicolae_vaults_tangram_2, ontoclasm_vaults_gallery,
          vaults_mumra_minichess, vaults_room_octagon, layout_vaults_maze_bifur,
          uniq_boris, uniq_nikola
Vaults:2: hangedman_vaults_slice, minmay_crypt_entry_necro_gods,
          nicolae_vaults_little_squares_5, nicolae_vaults_triangles,
          nicolae_vaults_mitosis, st_greater_box_3,
          nicolae_vaults_double_plus_2, ontoclasm_vaults_ligature,
          vaults_dpeg_encased_lava, v_misc_25, nicolae_vaults_little_ls,
          grunt_vaults_hallway_short, nicolae_vaults_asterisk,
          layout_vaults_omnibox

Skill      XL: |  1  2  3  4  5  6  7  8  9 10 11 12 13 14 15 16 17 18 19 20 21 22 |
---------------+-------------------------------------------------------------------+-----
Conjurations   | 1 |  1.0
Dodging        | 2 3 5 6 9 |  9.0
Spellcasting   | 3 |  3.0
Alchemy        | 5 6 |  6.0
Fighting       | 1 3 4 6 8 10 11 12 13 14 15 16 17 | 17.6
Polearms       | 1 2 3 4 7 10 12 13 14 15 16 17 | 17.5
Armour         | 1 3 4 6 8 9 11 12 13 14 15 16 17 | 17.6
Maces & Flails | 2 5 6 |  6.0
Invocations    | 5 8 10 12 13 14 16 18 19 | 19.5
Shields        | 8 9 12 14 15 16 17 | 17.9
Evocations     | 4 9 15 | 15.0
Stealth        | |  2.4

Action                     |  1- 3 |  4- 6 |  7- 9 | 10-12 | 13-15 | 16-18 | 19-21 | 22-24 || total
---------------------------+-------+-------+-------+-------+-------+-------+-------+-------++-------
  Melee: Unarmed           |     1 |       |       |       |       |       |       |       ||     1
         Dagger            |    14 |       |       |       |       |       |       |       ||    14
         Spear             |    10 |   424 |   140 |       |       |       |       |       ||   574
         Short sword       |       |       |    92 |       |       |       |       |       ||    92
         Dire flail        |       |       |   187 |   264 |       |       |       |       ||   451
         Scythe            |       |       |       |   179 |   815 |  1206 |  1193 |       ||  3393
         Bardiche          |       |       |       |       |       |       |   103 |   116 ||   219
   Cast: Sting             |    28 |    16 |       |       |       |       |       |       ||    44
         Mercury Vapours   |     1 |     3 |       |       |       |       |       |       ||     4
 Invoke: Draw Destruction  |       |       |       |     6 |    26 |    47 |    39 |     9 ||   127
         Draw Summoning    |       |       |       |     4 |     5 |    18 |    11 |     2 ||    40
         Draw Escape       |       |       |       |     2 |     3 |     9 |     7 |       ||    21
         Deal Four         |       |       |       |       |     1 |     3 |     1 |     1 ||     6
         Triple Draw       |       |       |       |       |       |     1 |       |       ||     1
Ability: Dig               |       |       |     1 |       |       |       |       |       ||     1
  Evoke: Wand              |       |       |       |       |     1 |     7 |     9 |       ||    17
         Box of beasts     |       |       |       |       |       |       |     1 |       ||     1
    Use: Scroll            |       |     7 |     2 |     4 |     7 |     9 |    10 |     1 ||    40
         Potion            |       |       |     4 |       |       |    10 |     3 |       ||    17
   Stab: Sleeping          |     4 |     1 |       |       |       |       |       |       ||     5
         Distracted        |       |     1 |       |       |       |     4 |     4 |     1 ||    10
         Petrified         |       |       |       |       |     9 |     2 |     4 |       ||    15
         Confused          |       |       |       |       |       |     1 |     1 |       ||     2
         Invisible         |       |       |       |       |       |     1 |       |       ||     1
 Armour: Robe              |    19 |    36 |       |       |       |       |       |       ||    55
         Scale mail        |       |   214 |   356 |   313 |   601 |   976 |   745 |    99 ||  3304
         Skin              |       |       |       |     3 |       |       |       |       ||     3
  Dodge: Dodged            |    17 |   164 |   232 |   190 |   375 |   433 |   298 |    28 ||  1737
  Block: Buckler           |       |       |       |       |   203 |    46 |       |       ||   249
         Tower shield      |       |       |       |       |       |   916 |  1005 |   117 ||  2038
